 Dungeon Crawl Stone Soup version 0.28.0-53-g5a82cb258f (webtiles) character file.

Game seed: 4798856844958056701

6 worthlessgem the Scratcher (level 1, 0/9 HPs)
             Began as a Felid Transmuter on Aug 22, 2022.
             Succumbed to an adder's poison
             ... on level 2 of the Dungeon.
             The game lasted 00:02:44 (327 turns).

worthlessgem the Scratcher (Felid Transmuter)        Turns: 327, Time: 00:02:44

Health: 0/9        AC:  1    Str:  6    XL:     1   Next: 75%
Magic:  3/4        EV: 17    Int: 14    God:
Gold:   13         SH:  0    Dex: 16    Spells: 3/4 levels left
                                        Lives:  0   Deaths: 0

rFire   . . .      SeeInvis +     - Unarmed
rCold   . . .      Faith    .   (shield unavailable)
rNeg    . . .      Spirit   .   (armour unavailable)
rPois   .          Reflect  .   (helmet unavailable)
rElec   .          Harm     .   (cloak unavailable)
rCorr   .          Rampage  .   (gloves unavailable)
Will    .....                   (boots unavailable)
Stlth   +.........              (no amulet)
HPRegen 0.03/turn               (no ring)
MPRegen 0.09/turn               (no ring)

@: lethally poisoned (0 -> -5), appendages, quick
A: horns 2, very small, claws 1, fangs 3, see invisible, speed 1, shaggy fur 1,
stealthy paws, no weapons or thrown items, no armour, multi-lived
a: End Transformation


You were on level 2 of the Dungeon.
You had temporarily grown beastly horns.
You visited 1 branch of the dungeon, and saw 2 of its levels.

You collected 13 gold pieces.

Inventory:

Missiles
 b - 30 stones
Scrolls
 a - a scroll of blinking {unknown}


   Skills:
 - Level 1.0 Fighting
 - Level 2.6 Dodging
 - Level 3.0 Unarmed Combat
 - Level 2.0 Spellcasting
 + Level 2.5 Transmutations
 + Level 0.6 Poison Magic


You had 3 spell levels left.
You knew the following spells:

 Your Spells              Type           Power      Damage    Failure   Level
a - Beastly Appendage     Tmut           16%        N/A       9%          1

Your spell library contained the following spells:

 Spells                   Type           Power      Damage    Failure   Level
 Wereblood                Tmut           8%         N/A       13%         2
 Spider Form              Tmut/Pois      5%         N/A       36%         3
 Ice Form                 Ice/Tmut       4%         N/A       80%         4


Dungeon Overview and Level Annotations

Branches:
Dungeon (2/15)

Altars:
Okawaru


Innate Abilities, Weirdness & Mutations

You have temporarily grown beastly horns.
You have sharp claws.
You have razor-sharp teeth.
You have supernaturally acute eyesight. (SInv)
You cover ground quickly. (Speed+)
You are covered in fur. (AC +1)
Your paws help you pounce on unaware monsters.
You are incapable of wielding weapons or throwing items.
You cannot wear armour.
You gain extra lives every three experience levels.


Message History

Your horns disappear.
HP restored.
You see here a rat corpse.
Casting: Beastly Appendage (safe; 9% risk of failure)
Confirm with . or Enter, or press ? or * to list all spells.
You grow a pair of large bovine horns.
Unknown command.
You miss the frilled lizard. Your bite misses the frilled lizard.
The frilled lizard bites you.
You barely miss the frilled lizard. The frilled lizard misses you.
You closely miss the frilled lizard. You headbutt the frilled lizard.
You kill the frilled lizard!
No target in view!
Your transformation is almost over.
You see here a +0 pair of gloves.
Your horns disappear.
Found a stone staircase leading down.
Found 14 stones.
b - 30 stones (gained 14)
Found a runed long sword.
You see here a +0 long sword of holy wrath.
Found 9 gold pieces and a chain mail.
An adder comes into view.
The adder hisses angrily.
Casting: Beastly Appendage (safe; 9% risk of failure)
Confirm with . or Enter, or press ? or * to list all spells.
You grow a pair of large bovine horns.
You scratch the adder. Your headbutt misses the adder.
The adder is moderately wounded.
The adder bites you.
Ouch! That really hurt!
You are lethally poisoned!
The adder poisons you! The adder closely misses you.
You scratch the adder.
The adder is heavily wounded.
* * * LOW HITPOINT WARNING * * *
You feel sick. The adder barely misses you.
Unknown command.
You scratch the adder.
The adder is almost dead.
You die...

. # # # # ##
.####### # #.
..##....###
#.. ..#
#......†
#..#######$[#
#.......
#.....@S...#
####....
#.##.#######
####. #....#
#. ####.# ##.
#.# #[. #.#
####+# #.#
#..... #.#
#..... #.#
#.....


You could see an adder.

Vanquished Creatures
  A giant cockroach (D:2)
  A quokka (D:1)
  A bat (D:1)
  A frilled lizard (D:2)
  3 rats
7 creatures vanquished.

Notes
Turn   | Place    | Note
-------+----------+-------------------------------------------
     0 | D:1      | worthlessgem the Felid Transmuter began the quest for the
                  | Orb.
     0 | D:1      | Reached XP level 1. HP: 9/9 MP: 4/4
    88 | D:2      | Found an iron altar of Okawaru.
   327 | D:2      | Succumbed to an adder's poison

Illustrated notes

Levels and vault maps discovered:
D:1:      ldierk_walled_garden, layout_loops_ring,
          shapermc_ecumenical_altar_mp_ritualfount, serial_forest,
          infiniplex_forest_lined_corner, infiniplex_forest_lined_room_2,
          infiniplex_forest_lined_1, infiniplex_forest_straight_3,
          infiniplex_forest_clump_small, minmay_vboxes
D:2:      layout_basic, basic_altar, minmay_3d_cube

Action                   || total
-------------------------++-------
Melee: Unarmed           ||    18
       Headbutt          ||     1
 Cast: Beastly Appendage ||     6
Armor: Skin              ||     1
Dodge: Dodged            ||    13
